 Dungeon Crawl Stone Soup version 0.23-a0-516-g0f8c245 (webtiles) character file.

9205 RoseArtemis the Grappler (level 11, -2/109 HPs)
             Began as a Troll Monk on Dec 5, 2018.
             Was an Elder of the Shining One.
             Slain by Rupert
             ... wielding a +2 executioner's axe of flaming
              (17 damage)
             ... on level 13 of the Dungeon.
             The game lasted 00:19:17 (9333 turns).

RoseArtemis the Grappler (Troll Monk)               Turns: 9333, Time: 00:19:18

Health: -2/109     AC:  6    Str: 21    XL:     11   Next: 20%
Magic:  14/14      EV: 11    Int:  6    God:    the Shining One [****..]
Gold:   537        SH:  0    Dex: 15    Spells: 10/10 levels left

rFire    . . .     SeeInvis .     - Unarmed
rCold    . . .     Gourm    +   f - +0 shield
rNeg     + + .     Faith    .   d - +1 robe
rPois    +         Spirit   .   (helmet restricted)
rElec    .         Reflect  .   (no cloak)
rCorr    .         Harm     .   (gloves unavailable)
MR       .....                  (boots unavailable)
Stlth    +.........             (no amulet)
HPRegen  0.68/turn              s - ring of poison resistance
MPRegen  0.14/turn              (no ring)

@: confused, glowing
A: large, unfitting armour, claws 3, fast metabolism 3, gourmand, regeneration
1, shaggy fur 1, tough skin 2
a: Divine Shield, Cleansing Flame, Renounce Religion


You were on level 13 of the Dungeon.
You worshipped the Shining One.
The Shining One was greatly pleased with you.
You were very full.

You visited 2 branches of the dungeon, and saw 12 of its levels.

You collected 537 gold pieces.

Inventory:

Hand Weapons
 b - a +4 whip of flaming
Missiles
 q - 2 large rocks (quivered)
Armour
 d - a +1 robe (worn)
 f - a +0 shield (worn)
Jewellery
 e - an uncursed ring of see invisible {unknown}
 s - a ring of poison resistance (left claw)
Wands
 n - a wand of polymorph (7)
Scrolls
 i - 3 scrolls of remove curse
 l - 2 scrolls of amnesia
Potions
 h - a potion of resistance
 k - 2 potions of degeneration {unknown}
 o - 3 potions of brilliance
 p - a potion of haste {unknown}
 r - 3 potions of flight {unknown}
Comestibles
 c - 16 rations


   Skills:
 + Level 7.1 Fighting
 * Level 1.4 Maces & Flails
 - Level 5.1 Dodging
 - Level 1.0 Stealth
 + Level 4.6 Shields
 + Level 11.4 Unarmed Combat
 + Level 6.6 Invocations


You had 10 spell levels left.
You didn't know any spells.
Your spell library contained the following spells:

 Spells                   Type           Power        Failure   Level  Hunger
 Animate Skeleton         Necr           N/A          77%         1    ##.....
 Apportation              Tloc           #.....       77%         1    ##.....
 Confusing Touch          Hex            #.....       77%         1    ##.....
 Sting                    Conj/Pois      #...         77%         1    ##.....
 Summon Small Mammal      Summ           #...         77%         1    ##.....
 Poisonous Vapours        Pois/Air       #.....       88%         2    ###....
 Ignite Poison            Fire/Tmut/Pois #.......     98%         3    ####...
 Mephitic Cloud           Conj/Pois/Air  #.......     98%         3    ####...
 Olgreb's Toxic Radiance  Pois           #.......     100%        4    #####..
 Fireball                 Conj/Fire      #.........   100%        5    ######.
 Venom Bolt               Conj/Pois      #.........   100%        5    ######.
 Bolt of Fire             Conj/Fire      #.........   100%        6    #######
 Ring of Flames           Chrm/Fire      #.........   100%        7    #######
 Ignition                 Fire           #.........   100%        8    #######


Dungeon Overview and Level Annotations

Branches:
Dungeon (10/15)            Temple (1/1) D:4
   Lair: D:8-11         Orc: D:9-12

Altars:
Ashenzari
Cheibriados
Dithmenos
Elyvilon
Fedhas
Gozag
Hepliaklqana
Kikubaaqudgha
Makhleb
Nemelex Xobeh
Okawaru
Qazlal
Ru
Sif Muna
Trog
Uskayaw
Vehumet
Wu Jian
Xom
Yredelemnul
Zin
The Shining One

Annotations:
D:2 1 runed door
D:9 1 runed door
D:13 Azrael, Rupert


Innate Abilities, Weirdness & Mutations

You are too large for most types of armour.
You have claws for hands.
Your metabolism is lightning-fast.
You like to eat raw meat.
Your natural rate of healing is unusually fast.
You are covered in fur. (AC +1)
You have very tough skin. (AC +2)


Message History

The tengu conjurer gestures wildly while chanting.
Rupert roars wildly at you.
You suddenly lose the ability to move!
A battlesphere comes into view.
Rupert yells loudly at you.
You are confused.
Your divine shield fades away.
Rupert roars madly and goes into a rage!
Rupert goes berserk!
Rupert hits you with a +2 executioner's axe of flaming!!!
* * * LOW HITPOINT WARNING * * *
Rupert burns you!
* * * LOW HITPOINT WARNING * * *
You hear a shout!
You can move again.
You feel much better.
Rupert hits you with a +2 executioner's axe of flaming!!!
* * * LOW HITPOINT WARNING * * *
Rupert burns you!
You die...

### #.# #.. #.#
#.# #.# #@#
#########@#
.....^..#D#
........#Q#
.....?..#*# #
........#.#.#####
$......>...Z.....
..........#.#####
........##.ยง.#


You could see Rupert (berserk), a four-headed hydra, a tengu conjurer and a
battlesphere.

Vanquished Creatures
  Harold (D:7)
  A two-headed ogre (D:9)
  Pikel (D:6)
  A centaur zombie (D:10)
  The ghost of confidenceinterval the Fighter, a novice GnWn (D:6)
  A centaur skeleton (D:13)
  2 trolls (D:10)
  4 hippogriffs
  Sigmund (D:2)
  A vampire (D:13)
  Eustachio (D:6)
  Menkaure (D:7)
  Duvessa (D:7)
  2 black bears
  An ice beast (D:8)
  A sky beast (D:10)
  An orc warrior (D:4)
  A necrophage (D:4)
  4 phantoms
  5 ogres
  3 centaurs (D:8)
  A crocodile (D:8)
  6 bullfrogs
  A spectral wyvern (D:6)
  A big kobold (D:8)
  Dowan (D:7)
  5 scorpions
  11 killer bees
  4 howler monkeys
  8 crimson imps
  3 jellies (D:10)
  A quasit (D:10)
  2 gnoll shamans
  6 hounds
  8 orc wizards
  Jessica (D:3)
  A bullfrog skeleton (D:5)
  Natasha (thrice) (D:3 D:4)
  3 iguanas
  8 worker ants
  A killer bee zombie (D:5)
  A hound skeleton (D:4)
  8 adders
  6 gnolls
  3 shadow imps
  7 oozes
  2 spectral adders (D:6)
  2 adder skeletons
  2 worms (D:2)
  A dart slug (D:2)
  3 leopard geckos
  17 orcs
  A ball python (D:1)
  8 giant cockroaches
  7 goblins
  12 hobgoblins
  14 jackals
  5 kobolds
  2 quokkas
  7 bats
  2 frilled lizards (D:1)
  A quokka skeleton (D:4)
  5 rats
  3 bushes (D:1)
229 creatures vanquished.

Vanquished Creatures (others)
  2 centaur skeletons (D:13)
  A hornet (D:13)
  A slave (D:6)
  4 gnolls (D:6)
  An adder (D:6)
9 creatures vanquished.

Grand Total: 238 creatures vanquished

Notes
Turn   | Place    | Note
-------+----------+-------------------------------------------
     0 | D:1      | RoseArtemis the Troll Monk began the quest for the Orb.
     0 | D:1      | Reached XP level 1. HP: 22/22 MP: 0/0
   229 | D:1      | Reached XP level 2. HP: 21/29 MP: 1/1
   585 | D:1      | Reached XP level 3. HP: 36/36 MP: 2/2
   720 | D:1      | Found a sparkling altar of Nemelex Xobeh.
  1297 | D:2      | Reached skill level 4 in Unarmed Combat
  1414 | D:2      | Noticed Sigmund
  1423 | D:2      | Killed Sigmund
  1423 | D:2      | Reached skill level 5 in Unarmed Combat
  1423 | D:2      | Reached XP level 4. HP: 28/45 MP: 3/3
  1423 | D:2      | Reached XP level 5. HP: 34/53 MP: 4/4
  1522 | D:2      | Found a hide-covered altar of Uskayaw.
  1758 | D:2      | Found a runed door.
  2021 | D:3      | Noticed Natasha
  2027 | D:3      | Killed Natasha
  2037 | D:3      | Noticed Natasha
  2043 | D:3      | Killed Natasha
  2043 | D:3      | Reached XP level 6. HP: 56/61 MP: 5/5
  2047 | D:3      | Found an iron altar of Okawaru.
  2110 | D:3      | Noticed Jessica
  2115 | D:3      | Killed Jessica
  2125 | D:3      | Found an ornate altar of the Wu Jian Council.
  2170 | D:3      | Found a glowing golden altar of the Shining One.
  2293 | D:3      | Became a worshipper of the Shining One
  2293 | D:3      | Reached * piety under the Shining One
  2293 | D:3      | Reached ** piety under the Shining One
  2763 | D:4      | Noticed Natasha
  2768 | D:4      | Killed Natasha
  2815 | D:4      | Noticed an orc warrior
  2823 | D:4      | Killed an orc warrior
  2931 | D:4      | Found an opulent altar of Gozag.
  2931 | D:4      | Found a white marble altar of Elyvilon.
  2933 | D:4      | Found a stormy altar of Qazlal.
  2935 | D:4      | Reached skill level 6 in Unarmed Combat
  2935 | D:4      | Reached skill level 1 in Invocations
  2935 | D:4      | Reached XP level 7. HP: 68/68 MP: 6/6
  2996 | D:4      | Found a staircase to the Ecumenical Temple.
  3067 | Temple   | Entered the Ecumenical Temple
  3751 | D:4      | Reached XP level 8. HP: 68/77 MP: 8/8
  4155 | D:5      | Entered Level 5 of the Dungeon
  4161 | D:5      | Reached skill level 7 in Unarmed Combat
  4563 | D:5      | Found a blossoming altar of Fedhas.
  4563 | D:5      | Found an ancient bone altar of Kikubaaqudgha.
  4957 | D:5      | Found a stormy altar of Qazlal.
  5069 | D:6      | Noticed Pikel
  5082 | D:6      | Killed Pikel
  5082 | D:6      | Reached skill level 5 in Fighting
  5082 | D:6      | Reached skill level 5 in Dodging
  5082 | D:6      | Reached skill level 8 in Unarmed Combat
  5123 | D:6      | Noticed Eustachio
  5137 | D:6      | Killed Eustachio
  5137 | D:6      | Reached XP level 9. HP: 65/86 MP: 10/10
  5423 | D:6      | Reached *** piety under the Shining One
  5425 | D:6      | Found a runed gate.
  5488 | D:5      | Reached skill level 1 in Shields
  5770 | D:6      | Found a runed gate.
  5770 | D:6      | Found a runed gate.
  5775 | D:6      | Noticed confidenceinterval's ghost (novice GnWn)
  5797 | D:6      | Killed confidenceinterval's ghost
  5797 | D:6      | Reached skill level 9 in Unarmed Combat
  6180 | D:7      | Noticed Duvessa
  6180 | D:7      | Noticed Dowan
  6186 | D:7      | Killed Duvessa
  6188 | D:7      | Killed Dowan
  6208 | D:7      | Found a radiant altar of Vehumet.
  6343 | D:7      | Noticed Harold
  6343 | D:7      | Noticed Menkaure
  6351 | D:7      | Killed Menkaure
  6364 | D:7      | Killed Harold
  6364 | D:7      | Reached skill level 5 in Invocations
  6364 | D:7      | Reached XP level 10. HP: 57/98 MP: 12/12
  6408 | D:7      | Reached skill level 10 in Unarmed Combat
  8290 | D:9      | Noticed a two-headed ogre
  8302 | D:9      | Killed a two-headed ogre
  8302 | D:9      | Reached skill level 11 in Unarmed Combat
  8483 | D:9      | Found a runed door.
  8483 | D:9      | Noticed a fire crab
  8483 | D:9      | Noticed a centaur warrior
  8483 | D:9      | Noticed a sphinx
  8485 | D:9      | Noticed a fire crab
  8485 | D:9      | Reached **** piety under the Shining One
  8485 | D:9      | Noticed a deep elf mage
  8485 | D:9      | Noticed a centaur warrior
  8485 | D:9      | Noticed a six-headed hydra
  8615 | D:9      | Found a white marble altar of Elyvilon.
  8731 | D:9      | Found a deep blue altar of Sif Muna.
  8753 | D:9      | Found a sparkling altar of Nemelex Xobeh.
  8791 | D:10     | Entered Level 10 of the Dungeon
  8815 | D:10     | Reached XP level 11. HP: 107/107 MP: 14/14
  9210 | D:10     | Found a basalt altar of Yredelemnul.
  9275 | D:10     | You fall through a shaft for 3 floors!
  9277 | D:13     | Noticed a centaur warrior
  9292 | D:13     | Noticed Azrael
  9293 | D:13     | Reached skill level 1 in Maces & Flails
  9315 | D:13     | Noticed Rupert
  9315 | D:13     | Noticed a four-headed hydra
  9323 | D:13     | Noticed a tengu warrior
  9327 | D:13     | Paralysed by Rupert for 6 turns
  9333 | D:13     | Slain by Rupert

Vault maps used:
D:1:      dpeg_arrival_three_same_balls, serial_forest,
          infiniplex_forest_clump_small, infiniplex_forest_zigzag_2,
          infiniplex_forest_end_2, infiniplex_forest_lined_3,
          infiniplex_forest_clump_long, infiniplex_forest_lined_room_,
          infiniplex_forest_clump_large, glass_columns_a, st_stairs_9,
          minmay_misc_feat_hallway, nemelex_diamond_rough_becter
D:2:      eat_drink_and_be_merry_uskayaw, serial_bayou_ford_a, kennysheep_donut,
          uniq_sigmund, uniq_crazy_yiuf_cottage
D:3:      lemuel_coloured_pillars_altar, lemuel_round_altar,
          nicolae_overflow_crystal_walls, first_ration, minmay_misc_feat_room,
          uniq_natasha, uniq_jessica
D:4:      nicolae_overflow_hidden_temple, temple_pool_b
D:5:      grunt_temple_overflow_growth_and_decay, hangedman_decor_growths,
          nicolae_qazlal_eye_of_the_storm
D:6:      gammafunk_ghost_necromancy, uniq_eustachio, uniq_pikel
D:7:      lemuel_round_altar, uniq_harold, uniq_duvessa, uniq_menkaure
D:8:      kennysheep_blocky_room
D:9:      minmay_gate_of_8, lemuel_doored_altar, lemuel_blue_sif_altar,
          basic_altar
D:10:     basic_altar, hangedman_little_slice_of_home
D:13:     uniq_rupert, uniq_maurice, uniq_azrael
Temple:   dpeg_chambers_temple

Skill      XL: |  1  2  3  4  5  6  7  8  9 10 11 |
---------------+----------------------------------+-----
Unarmed Combat | 5 6 8 9 11 | 11.4
Fighting       | 3 4 5 6 7 |  7.1
Dodging        | 3 4 5 |  5.1
Invocations    | 1 2 3 5 6 |  6.6
Shields        | 2 4 |  4.6
Maces & Flails | 1 |  1.4
Stealth        | |  1.0

Action                   |  1- 3 |  4- 6 |  7- 9 | 10-12 || total
-------------------------+-------+-------+-------+-------++-------
Melee: Unarmed           |   253 |    63 |   239 |   269 ||   824
       Punch             |     9 |     5 |     5 |       ||    19
       Whip              |       |       |       |     4 ||     4
Invok: Divine Shield     |       |       |     2 |     2 ||     4
  Use: Scroll            |       |       |    10 |    14 ||    24
       Potion            |       |       |     1 |     7 ||     8
 Stab: Sleeping          |     5 |     2 |       |       ||     7
  Eat: Chunk             |    19 |    14 |    31 |    27 ||    91
Armor: Robe              |    41 |    11 |    44 |    78 ||   174
Dodge: Dodged            |    67 |    31 |   116 |   184 ||   398
Block: Shield            |       |       |    83 |   191 ||   274

Table legend:
 A = Non-vault XP
 B = Vault XP
 C = Vault XP percentage of total XP
 D = Non-vault monster count
 E = Vault monster count
 F = Vault count percentage of total count
                 A         B        C        D         E       F
            +---------+---------+-------+---------+---------+-------
      Total |    9594 |    3556 |  27.0 |     199 |      27 |  11.9
            +---------+---------+-------+---------+---------+-------
        D:1 |      42 |       4 |   8.7 |      25 |       2 |   7.4
        D:2 |      64 |     231 |  78.3 |      17 |       1 |   5.6
        D:3 |      73 |      72 |  49.7 |      14 |       2 |  12.5
        D:4 |     989 |       0 |   0.0 |      28 |       0 |   0.0
        D:5 |     565 |       0 |   0.0 |      19 |       0 |   0.0
        D:6 |     849 |    1435 |  62.8 |      17 |       6 |  26.1
        D:7 |     766 |    1364 |  64.0 |      13 |       4 |  23.5
        D:8 |    1510 |     284 |  15.8 |      25 |       4 |  13.8
        D:9 |    2149 |       0 |   0.0 |      19 |       0 |   0.0
       D:10 |    1797 |     166 |   8.5 |      17 |       8 |  32.0
       D:13 |     790 |       0 |   0.0 |       5 |       0 |   0.0
            +---------+---------+-------+---------+---------+-------
